 Dungeon Crawl Stone Soup version 0.23-a0-584-g44dd78f (webtiles) character file.

2711 Azzok the Cleaver (level 9, -1/70 HPs)
             Began as a Minotaur Fighter on Dec 17, 2018.
             Slain by an ice beast (10 damage)
             ... on level 8 of the Dungeon.
             The game lasted 00:10:15 (7625 turns).

Azzok the Cleaver (Minotaur Fighter)                Turns: 7625, Time: 00:10:16

Health: -1/70      AC: 13    Str: 23    XL:     9   Next: 39%
Magic:  8/8        EV:  5    Int:  5    God:
Gold:   485        SH:  9    Dex: 11    Spells: 8/8 levels left

rFire    . . .     SeeInvis .   a - +0 war axe
rCold    . . .     Gourm    .   c - +0 shield
rNeg     . . .     Faith    .   i - +0 chain mail
rPois    .         Spirit   .   (helmet restricted)
rElec    .         Reflect  .   e - +0 cloak
rCorr    .         Harm     .   b - +1 pair of gloves {archery}
MR       .....                  p - +0 pair of boots
Stlth    ..........             (no amulet)
HPRegen  0.21/turn              (no ring)
MPRegen  0.11/turn              (no ring)

@: no status effects
A: retaliatory headbutt, horns 2
a: no special abilities


You were on level 8 of the Dungeon.
You were not hungry.

You visited 2 branches of the dungeon, and saw 9 of its levels.

You collected 485 gold pieces.

Inventory:

Hand Weapons
 a - a +0 war axe (weapon)
Armour
 b - a +1 pair of gloves of archery (worn)
 c - a +0 shield (worn)
 e - a +0 cloak (worn)
 i - a +0 chain mail (worn)
 p - a +0 pair of boots (worn)
Wands
 m - a wand of polymorph (4)
Scrolls
 d - 3 scrolls of teleportation {unknown}
 h - a scroll of blinking {unknown}
 k - 3 scrolls of magic mapping {unknown}
 l - 3 scrolls of enchant weapon {unknown}
 n - 2 scrolls of fog {unknown}
 o - a scroll of identify
 q - 2 scrolls of fear {unknown}
 r - a scroll of immolation {unknown}
 s - 5 scrolls of remove curse
 t - 2 scrolls of enchant armour
 w - a scroll of holy word
 x - a scroll of amnesia {unknown}
Potions
 g - 8 potions of curing
 j - 2 potions of haste
 u - a potion of might
 z - a potion of brilliance {unknown}
Comestibles
 f - 10 rations
 v - 3 chunks of flesh


   Skills:
 - Level 3.6 Fighting
 + Level 14.7 Axes
 - Level 3.6 Armour
 - Level 3.6 Shields


You had 8 spell levels left.
You didn't know any spells.
Your spell library contained the following spells:

 Spells                   Type           Power        Failure   Level  Hunger
 Animate Skeleton         Necr           N/A          100%        1    ##.....
 Apportation              Tloc           #.....       100%        1    ##.....
 Confusing Touch          Hex            #.....       100%        1    ##.....
 Magic Dart               Conj           #...         100%        1    ##.....
 Summon Small Mammal      Summ           #...         100%        1    ##.....
 Blink                    Tloc           N/A          100%        2    ###....
 Call Imp                 Summ           #.......     100%        2    ###....
 Slow                     Hex            #.......     100%        2    ###....
 Conjure Flame            Conj/Fire      #.......     100%        3    ####...
 Mephitic Cloud           Conj/Pois/Air  #.......     100%        3    ####...


Dungeon Overview and Level Annotations

Branches:
Dungeon (8/15)             Temple (1/1) D:7
   Lair: D:8-11

Altars:
Ashenzari
Cheibriados
Dithmenos
Elyvilon
Fedhas
Gozag
Hepliaklqana
Kikubaaqudgha
Makhleb
Nemelex Xobeh
Qazlal
Ru
Sif Muna
Uskayaw
Vehumet
Wu Jian
Xom
Yredelemnul
Zin
The Shining One

Shops:
D:6 %*[


Innate Abilities, Weirdness & Mutations

You reflexively headbutt those who attack you in melee.
You have a pair of horns on your head.


Message History

You feel yourself speed up.
Things that are here:
a +0 hand axe; a +0 leather armour The ice beast hits you.
The ice beast freezes you!
* * * LOW HITPOINT WARNING * * *
Items here: )) [ ÷ a +0 flail; a +0 leather armour; a +0 dagger; an orc skeleton Some of the chunks of flesh in your inventory have rotted away.
You hit the ice beast.
The ice beast is lightly wounded.
The ice beast hits you.
* * * LOW HITPOINT WARNING * * *
The ice beast freezes you!
* * * LOW HITPOINT WARNING * * *
You slash the ice beast!
The ice beast is severely wounded.
You feel better. The ice beast hits you.
* * * LOW HITPOINT WARNING * * *
The ice beast freezes you!
You die...

▒·▒K▒▒ ▒·▒K▒
▒·▒·▒ ▒·▒·▒
▒▒▒▒▒▒·▒·▒
··········▒▒▒▒
▒▒▒▒▒▒▒····K·▒
▒▒▒▒▒▒Y▒ ▒@▒
▒·▒ ▒·▒ ▒·▒
▒▒▒▒▒▒▒▒▒·▒
▒··<······▒
▒·▒▒▒▒▒▒▒▒▒
▒·▒ ▒)▒


You could see an ice beast and a big kobold.

Vanquished Creatures
  Joseph (D:7)
  A troll (D:4)
  A black bear (D:7)
  2 orc warriors
  A phantom (D:5)
  2 ice beasts
  2 ogres
  A centaur (D:5)
  2 bullfrogs
  4 wights
  4 crimson imps
  A centaur zombie (D:5)
  A bullfrog zombie (D:5)
  3 bullfrog skeletons
  4 orc priests
  Crazy Yiuf (D:2)
  3 hounds
  5 worker ants
  2 orc wizards
  3 iguanas
  A hound zombie (D:7)
  A hound skeleton (D:4)
  6 gnolls
  9 adders
  A shadow imp (D:5)
  An ooze (D:2)
  An adder zombie (D:5)
  An adder skeleton (D:5)
  4 worms
  2 dart slugs
  6 leopard geckos
  19 orcs
  9 giant cockroaches
  6 hobgoblins
  10 jackals
  15 kobolds
  6 quokkas
  3 ball pythons
  6 bats
  6 frilled lizards
  4 goblins
  A quokka skeleton (D:5)
  2 rats
  3 fungi (D:2)
167 creatures vanquished.

Notes
Turn   | Place    | Note
-------+----------+-------------------------------------------
     0 | D:1      | Azzok the Minotaur Fighter began the quest for the Orb.
     0 | D:1      | Reached XP level 1. HP: 19/19 MP: 0/0
   272 | D:1      | Reached skill level 3 in Axes
   295 | D:1      | Reached XP level 2. HP: 26/26 MP: 1/1
   545 | D:2      | Reached skill level 4 in Axes
   571 | D:2      | Reached XP level 3. HP: 31/31 MP: 2/2
   691 | D:2      | Reached skill level 5 in Axes
   738 | D:2      | Reached XP level 4. HP: 18/39 MP: 3/3
  1022 | D:2      | You fall through a shaft!
  1459 | D:2      | Found a glowing golden altar of the Shining One.
  1627 | D:2      | Found a runed door.
  1631 | D:2      | Noticed Crazy Yiuf
  1638 | D:2      | Killed Crazy Yiuf
  1638 | D:2      | Reached skill level 6 in Axes
  1638 | D:2      | Reached XP level 5. HP: 45/45 MP: 4/4
  2604 | D:3      | Reached skill level 7 in Axes
  2830 | D:4      | Noticed an ogre
  2835 | D:4      | Killed an ogre
  2835 | D:4      | Reached XP level 6. HP: 51/51 MP: 5/5
  2886 | D:4      | Reached skill level 8 in Axes
  2893 | D:4      | Noticed a troll
  2902 | D:4      | Killed a troll
  2902 | D:4      | Reached skill level 9 in Axes
  2902 | D:4      | Reached XP level 7. HP: 28/57 MP: 6/6
  3363 | D:4      | Found an opulent altar of Gozag.
  3372 | D:4      | Found a deep blue altar of Sif Muna.
  3542 | D:4      | Reached skill level 10 in Axes
  3740 | D:4      | Found a glowing silver altar of Zin.
  3850 | D:5      | Entered Level 5 of the Dungeon
  4010 | D:5      | Reached skill level 11 in Axes
  4287 | D:5      | Reached XP level 8. HP: 35/64 MP: 7/7
  4684 | D:5      | Reached skill level 12 in Axes
  5236 | D:6      | Found a basalt altar of Yredelemnul.
  5584 | D:6      | Reached skill level 13 in Axes
  5756 | D:6      | Found Biczanie's Assorted Antiques.
  5771 | D:6      | Found Hiadoo's Armour Boutique.
  6054 | D:6      | Found Asosapol's Food Boutique.
  6248 | D:7      | Noticed Joseph
  6261 | D:7      | Killed Joseph
  6261 | D:7      | Reached XP level 9. HP: 44/70 MP: 8/8
  6452 | D:7      | Reached skill level 14 in Axes
  6642 | D:7      | Found a staircase to the Ecumenical Temple.
  6663 | Temple   | Entered the Ecumenical Temple
  7279 | D:2      | Found a sparkling altar of Nemelex Xobeh.
  7623 | D:8      | HP: 3/70 [ice beast (8)]
  7625 | D:8      | Slain by an ice beast

Vault maps used:
D:1:      co_arrival_random_square_maze, chequers_serial_rivers_micro_a,
          st_stairs_6
D:2:      nicolae_overflow_hidden_temple, corexii_hall_statues_l, tso_altar,
          uniq_crazy_yiuf_cottage
D:3:      first_ration
D:4:      minmay_general_purpose_star, lemuel_doored_altar,
          grunt_temple_overflow_open, eino_curves_01, kennysheep_generic_room_14
D:5:      st_stairs_13, kennysheep_generic_room_5
D:6:      yredelemnul_altar_generic, serial_shops, shop_statue, shop_coins, shop
D:7:      minmay_temple_entry_antechambers, uniq_joseph
D:8:      lightli_temple_of_fire, grunt_lair_entry_orc_guard_hut,
          roderic_lattice_a
Temple:   nicolae_temple_no_exploring_needed

Skill      XL: |  1  2  3  4  5  6  7  8  9 |
---------------+----------------------------+-----
Axes           | 3 4 5 6 7 9 11 13 14 | 14.7
Fighting       | |  3.6
Armour         | |  3.6
Shields        | |  3.6

Action                   |  1- 3 |  4- 6 |  7- 9 || total
-------------------------+-------+-------+-------++-------
Melee: War axe           |    89 |   149 |   316 ||   554
       Headbutt          |     9 |    18 |    61 ||    88
  Use: Scroll            |     3 |       |     3 ||     6
       Potion            |       |     1 |     2 ||     3
  Eat: Chunk             |       |     7 |    15 ||    22
Armor: Chain mail        |    69 |    78 |   158 ||   305
Dodge: Dodged            |    29 |    34 |    44 ||   107
Block: Shield            |    73 |    76 |   128 ||   277

Table legend:
 A = Non-vault XP
 B = Vault XP
 C = Vault XP percentage of total XP
 D = Non-vault monster count
 E = Vault monster count
 F = Vault count percentage of total count
                 A         B        C        D         E       F
            +---------+---------+-------+---------+---------+-------
      Total |    3281 |     592 |  15.3 |     158 |       6 |   3.7
            +---------+---------+-------+---------+---------+-------
        D:1 |      25 |       1 |   3.8 |      13 |       1 |   7.1
        D:2 |     127 |      40 |  24.0 |      31 |       1 |   3.1
        D:3 |      91 |       0 |   0.0 |      25 |       0 |   0.0
        D:4 |     645 |      96 |  13.0 |      17 |       3 |  15.0
        D:5 |     922 |       0 |   0.0 |      22 |       0 |   0.0
        D:6 |     610 |       0 |   0.0 |      21 |       0 |   0.0
        D:7 |     493 |     455 |  48.0 |       9 |       1 |  10.0
        D:8 |     368 |       0 |   0.0 |      20 |       0 |   0.0
            +---------+---------+-------+---------+---------+-------
